 Dungeon Crawl Stone Soup version 0.19.4-9-g45fd643 (webtiles) character file.

8720 equalderp2856 the Gouger (level 11, -7/46 HPs)
             Began as a Felid Fighter on Feb 17, 2017.
             Mangled by a manticore (9 damage)
             ... on level 2 of the Lair of Beasts.
             The game lasted 01:30:06 (24053 turns).

equalderp2856 the Gouger (Felid Fighter)           Turns: 24053, Time: 01:30:07

Health: -7/46      AC:  2    Str: 15    XL:     11   Next: 13%
Magic:  22/22      EV: 26    Int: 10    God:
Gold:   816        SH:  0    Dex: 18    Spells: 4 memorised, 17 levels left
                                        Lives:  0   Deaths: 3

rFire  . . .     SeeInvis +       - Unarmed
rCold  . . .     Gourm    .     (armour unavailable)
rNeg   . . .     Faith    .     (shield unavailable)
rPois  .         Spirit   .     (helmet unavailable)
rElec  .         Reflect  .     (cloak unavailable)
rCorr  .         Harm     .     (gloves unavailable)
MR     +....                    (boots unavailable)
Stlth  ++++++....               F - amulet "Zohis" {+Inv Regen+ Stlth+}
                                D - +2 ring of strength
                                e - ring of wizardry

@: quick
A: no armour, no weapons or thrown items, stealth, claws 1, fangs 3, see
invisible, carnivore 3, speed 1, shaggy fur 2, slow metabolism 1, sharp paws
a: Evoke Invisibility


You were on level 2 of the Lair of Beasts.
You were full.

You visited 3 branches of the dungeon, and saw 14 of its levels.

You collected 816 gold pieces.

Inventory:

Missiles
 s - 97 bolts
 G - 107 arrows
Jewellery
 e - a ring of wizardry (left paw)
 l - an uncursed ring of protection from cold
 y - the brooch of Shielding {Reflect SH+8}
   (You found it on level 4 of the Dungeon)

   [amulet of reflection]

   It shields you and reflects attacks.
   It affects your SH (+8).
 A - an uncursed ring of protection from fire
 C - an uncursed ring of protection from magic
 D - a +2 ring of strength (right paw)
 F - the amulet "Zohis" (around neck) {+Inv Regen+ Stlth+}
   (You found it on level 8 of the Dungeon)

   [amulet of regeneration]

   It lets you turn invisible.
   It increases your rate of regeneration.
   It makes you more stealthy.
 Z - a +5 amulet of reflection
Wands
 t - a wand of slowing (37/48)
 v - a wand of slowing (18/48)
 B - a wand of disintegration (6/24)
 I - a wand of polymorph (12/24)
 J - a wand of teleportation (8/9)
 M - a wand of acid (8/15)
 N - a wand of lightning (5/15)
 R - a wand of flame (28/48)
 S - a wand of slowing (22/48)
 T - a wand of slowing (17/48)
Scrolls
 c - 13 scrolls of identify
 f - 4 scrolls of blinking
 h - a scroll of magic mapping
 j - 5 scrolls of teleportation
 m - 2 scrolls of recharging
 n - 7 scrolls of remove curse
 u - 2 scrolls of amnesia
 w - 3 scrolls of enchant armour
 x - 2 scrolls of enchant weapon
 U - a scroll of fog
Potions
 a - a potion of might
 d - 4 potions of curing
 g - 3 potions of lignification
 i - 3 potions of haste
 k - 3 potions of flight
 o - 2 potions of berserk rage {unknown}
 q - 2 potions of heal wounds {unknown}
 E - 5 potions of degeneration {unknown}
 H - 2 potions of brilliance {unknown}
 L - 2 potions of agility {unknown}
 O - a potion of cure mutation {unknown}
 Y - a potion of magic {unknown}
Books
 K - a book of Fire

   Spells                             Type                      Level
   a - Ignite Poison                  Fire/Transmutation/Poison    3
   b - Fireball                       Conjuration/Fire             5
   c - Bolt of Fire                   Conjuration/Fire             6
   d - Delayed Fireball               Conjuration/Fire             7
   e - Ring of Flames                 Charms/Fire                  7
 P - a book of Air

   Spells                             Type                      Level
   a - Shock                          Conjuration/Air              1
   b - Swiftness                      Charms/Air                   2
   c - Repel Missiles                 Charms/Air                   2
   d - Static Discharge               Conjuration/Air              3
   e - Lightning Bolt                 Conjuration/Air              5
 Q - a book of Changes

   Spells                             Type                      Level
   a - Beastly Appendage              Transmutation                1
   b - Sticks to Snakes               Transmutation                2
   c - Spider Form                    Transmutation/Poison         3
   d - Ice Form                       Ice/Transmutation            4
   e - Blade Hands                    Transmutation                5
 W - a book of Air

   Spells                             Type                      Level
   a - Shock                          Conjuration/Air              1
   b - Swiftness                      Charms/Air                   2
   c - Repel Missiles                 Charms/Air                   2
   d - Static Discharge               Conjuration/Air              3
   e - Lightning Bolt                 Conjuration/Air              5
Miscellaneous
 V - a disc of storms
 X - a lamp of fire
Comestibles
 b - 7 meat rations
 p - 4 beef jerkies
 r - 54 fruits
 z - 5 bread rations


   Skills:
 + Level 4.7 Fighting
 + Level 9.9 Dodging
 + Level 9.7 Stealth
 + Level 14.0 Unarmed Combat
 - Level 7.2 Spellcasting
 + Level 0.6 Conjurations
 + Level 0.1 Air Magic


You had 17 spell levels left.
You knew the following spells:

 Your Spells              Type           Power        Failure   Level  Hunger
a - Shock                 Conj/Air       #...         7%          1    None
b - Repel Missiles        Chrm/Air       #.....       12%         2    ##.....
c - Sticks to Snakes      Tmut           #.......     12%         2    ##.....
e - Swiftness             Chrm/Air       #.......     12%         2    ##.....


Dungeon Overview and Level Annotations

Branches:
Dungeon (10/15)            Temple (1/1) D:6            Lair (3/6) D:9
 Shoals (0/4) Lair:3
  Snake: Lair:2-4    Spider: Lair:2-4       Orc: D:9-12

Altars:
Ashenzari
Cheibriados
Dithmenos
Elyvilon
Fedhas
Gozag
Hepliaklqana
Kikubaaqudgha
Makhleb
Nemelex Xobeh
Okawaru
Qazlal
Ru
Sif Muna
Trog
Uskayaw
Vehumet
Xom
Yredelemnul
Zin
The Shining One

Shops:
D:4 %   D:10 *

Annotations:
D:3 imbaray's ghost, amateur HuBe
D:8 Psyche
Lair:2 Erica


Innate Abilities, Weirdness & Mutations

You cannot wear armour.
You are incapable of wielding weapons or throwing items.
Your paws allow you to move quietly. (Stealth)
You have sharp claws.
You have razor-sharp teeth.
You have supernaturally acute eyesight. (SInv)
You are carnivorous and can eat meat at any time.
You cover ground quickly.
You are covered in thick fur. (AC +2)
You have a slow metabolism.
Your sharp claws are effective at attacking unaware monsters.


Message History

The manticore misses you. The manticore claws you.
The manticore closely misses you.
You claw the manticore! You bite the manticore.
The manticore is heavily wounded.
The manticore misses you. The manticore closely misses you.
The manticore claws you!
You claw the manticore! x2
The manticore is severely wounded.
You barely miss the manticore.
The manticore is severely wounded.
The manticore completely misses you. x2; The manticore claws you!
You scratch the manticore.
The manticore is almost dead.
The manticore closely misses you. The manticore misses you. x2
You closely miss the manticore.
The manticore is severely wounded.
The manticore bites you!!
* * * LOW HITPOINT WARNING * * *
The manticore claws you!
You die...

## ##..## #P.........####<.#
#..P# #P........## ##.. #.H##
##........### ##. #...#
##.........# #.#
###...#########........## ##.
#.........P#.##†.......### ##
##.......................#
##............H.........##
###...#P###....@...........##
#....######P#..............P#
###.....##P###.##............# ##
.............................###.
.................................
.........###........#P........###
.....#P### ###......##......###
.....### #.......###P...###
P....## ##......###....#P####


You could see a manticore.

Vanquished Creatures
  An unseen horror (D:10)
  Maurice (D:8)
  An elephant (D:9)
  3 komodo dragons
  A rime drake (Lair:1)
  3 blink frogs
  A two-headed ogre (D:8)
  5 hippogriffs
  25 yaks
  A vampire mosquito (D:8)
  7 water moccasins
  5 porcupines
  7 ogres
  A necrophage (D:7)
  5 centaurs
  6 crocodiles
  4 big kobolds (D:9)
  3 gnoll sergeants
  11 bullfrogs
  A wyvern skeleton (D:8)
  3 killer bees (D:10)
  A scorpion (D:8)
  14 wights
  An electric eel (Lair:1)
  6 howler monkeys
  3 bullfrog zombies
  2 crimson imps
  6 hounds
  2 bullfrog skeletons
  3 centaur skeletons
  2 orc priests
  A gnoll shaman (D:6)
  An iguana (D:8)
  4 orc wizards
  7 worker ants
  2 killer bee zombies
  2 hound skeletons
  2 worker ant zombies
  A howler monkey skeleton (D:4)
  11 gnolls
  13 adders
  An ooze (D:1)
  An adder zombie (D:5)
  3 worms (D:2)
  3 dart slugs
  5 leopard geckos
  20 orcs
  3 ball pythons
  6 giant cockroaches
  9 goblins
  17 hobgoblins
  6 jackals
  22 kobolds
  4 quokkas
  6 bats
  5 frilled lizards
  A leopard gecko skeleton (D:4)
  A quokka zombie (D:9)
  8 rats
300 creatures vanquished.

Vanquished Creatures (others)
  20 plants
20 creatures vanquished.

Grand Total: 320 creatures vanquished

Notes
Turn   | Place    | Note
-------+----------+-------------------------------------------
     0 | D:1      | equalderp2856 the Felid Fighter began the quest for the Orb.
     0 | D:1      | Reached XP level 1. HP: 10/10 MP: 2/2
   175 | D:1      | Reached XP level 2. HP: 1/14 MP: 3/3
   713 | D:1      | Reached skill level 1 in Stealth
  1070 | D:1      | Reached XP level 3. HP: 17/17 MP: 4/4
  1924 | D:2      | Reached skill level 5 in Unarmed Combat
  1924 | D:2      | Reached XP level 4. HP: 18/21 MP: 5/5
  2775 | D:3      | Reached XP level 5. HP: 24/24 MP: 6/6
  2953 | D:3      | Noticed imbaray's ghost (amateur HuBe)
  3097 | D:4      | Noticed an ogre
  4108 | D:4      | Reached skill level 6 in Unarmed Combat
  4410 | D:4      | Gained mutation: You are covered in thick fur. (AC +2) [Felid growth]
  4410 | D:4      | Reached XP level 6. HP: 28/28 MP: 7/7
  5216 | D:5      | Entered Level 5 of the Dungeon
  5312 | D:5      | You fall through a shaft for 2 floors!
  5314 | D:7      | Shot with an arrow by a centaur
  5315 | D:7      | Reached XP level 5. HP: -11/24 MP: 6/6
  5359 | D:7      | Reached skill level 5 in Dodging
  5487 | D:7      | Killed a centaur
  5487 | D:7      | Reached XP level 6. HP: 18/28 MP: 7/7
  5562 | D:7      | Noticed a hornet
  5617 | D:5      | Reached skill level 7 in Unarmed Combat
  6101 | D:4      | Reached XP level 7. HP: 26/31 MP: 8/8
  6442 | D:4      | Found Gojis's Food Shoppe.
  6596 | D:5      | Reached skill level 5 in Stealth
  8070 | D:6      | Found a staircase to the Ecumenical Temple.
  8078 | Temple   | Entered the Ecumenical Temple
  8595 | D:6      | Reached skill level 8 in Unarmed Combat
  8937 | D:6      | Reached XP level 8. HP: 35/35 MP: 9/9
  9822 | D:6      | Reached skill level 9 in Unarmed Combat
  9879 | D:7      | Noticed a hippogriff
  9895 | D:7      | Slain by a hippogriff
  9896 | D:7      | Reached XP level 7. HP: -4/31 MP: 8/8
 10753 | D:7      | Reached XP level 8. HP: 36/36 MP: 9/9
 10945 | D:7      | Killed a hippogriff
 10945 | D:7      | Reached skill level 10 in Unarmed Combat
 13422 | D:7      | Reached XP level 9. HP: 39/39 MP: 10/10
 13551 | D:7      | Reached skill level 11 in Unarmed Combat
 13857 | D:8      | Noticed Psyche
 13883 | D:8      | HP: 1/39 [Psyche/dagger of distortion (13)]
 14264 | D:9      | Found a staircase to the Lair.
 14265 | D:9      | Noticed an elephant
 14730 | D:8      | Noticed Maurice
 14739 | D:8      | Killed Maurice
 14806 | D:8      | Reached skill level 12 in Unarmed Combat
 15057 | D:8      | Got a scintillating iron amulet
 15360 | D:9      | Noticed a cyclops
 15788 | D:9      | Killed an elephant
 15788 | D:9      | Reached XP level 10. HP: 24/42 MP: 11/11
 16290 | D:10     | Entered Level 10 of the Dungeon
 16586 | D:10     | Noticed an unseen horror
 16605 | D:10     | Killed an unseen horror
 16815 | D:10     | Reached skill level 13 in Unarmed Combat
 16933 | D:10     | Noticed a hill giant
 17567 | D:10     | Found an opulent altar of Gozag.
 17572 | D:10     | Found Gozag's Platinum Reserve.
 18686 | Lair:1   | Entered Level 1 of the Lair of Beasts
 18703 | Lair:1   | Found a basalt altar of Yredelemnul.
 19452 | Lair:1   | Reached XP level 11. HP: 39/46 MP: 12/12
 19693 | D:9      | Learned a level 1 spell: Shock
 19696 | D:9      | Learned a level 2 spell: Repel Missiles
 19699 | D:9      | Learned a level 2 spell: Sticks to Snakes
 19703 | D:9      | Learned a level 3 spell: Spider Form
 19706 | D:9      | Learned a level 2 spell: Swiftness
 19783 | Lair:1   | Reached skill level 1 in Spellcasting
 20584 | Lair:1   | Mangled by a komodo dragon
 20585 | Lair:1   | Reached XP level 10. HP: -6/43 MP: 11/15
 21561 | Lair:1   | Reached skill level 5 in Spellcasting
 23244 | Lair:1   | Identified the amulet "Zohis" {+Inv Regen+ Stlth+} (You found it on level 8 of the Dungeon)
 23368 | Lair:2   | Reached XP level 11. HP: 46/46 MP: 22/22
 23446 | Lair:2   | Noticed Erica
 23700 | Lair:3   | Found a staircase to the Shoals.
 23953 | Lair:2   | Reached skill level 14 in Unarmed Combat
 24053 | Lair:2   | HP: 2/46 [manticore (19)]
 24053 | Lair:2   | Mangled by a manticore

Skill      XL: |  1  2  3  4  5  6  7  8  9 10 11 |
---------------+----------------------------------+-----
Stealth        | 1 2 4 6 7 9 |  9.7
Unarmed Combat | 5 6 7 8 10 12 13 14 | 14.0
Dodging        | 5 7 8 9 |  9.9
Fighting       | 4 |  4.7
Spellcasting   | 7 3 |  7.2
Conjurations   | |  0.6
Air Magic      | |  0.1

Action                   |  1- 3 |  4- 6 |  7- 9 | 10-12 || total
-------------------------+-------+-------+-------+-------++-------
Melee: Unarmed           |    87 |   210 |   382 |   419 ||  1098
       Bite              |     5 |    12 |    44 |    64 ||   125
       Punch             |     1 |     5 |    29 |    38 ||    73
 Cast: Shock             |       |       |       |    37 ||    37
  Use: Scroll            |       |       |    16 |     4 ||    20
       Potion            |       |       |     2 |     2 ||     4
 Stab: Sleeping          |     3 |     7 |    11 |     7 ||    28
       Distracted        |       |       |     3 |     2 ||     5
  Eat: Chunk             |     4 |     4 |    17 |    23 ||    48
       Pizza             |       |       |     1 |       ||     1
Armor: Skin              |     2 |    11 |     3 |     6 ||    22
Dodge: Dodged            |    53 |   169 |   240 |   248 ||   710
Block: Other             |       |       |    68 |    91 ||   159
       Reflection        |       |       |     3 |     2 ||     5
